[Event "Early-Titled-Tuesday-Blitz-February-06-2024"]
[Site "Chess.com"]
[Date "2024.02.06"]
[Round "9"]
[White "Matols"]
[Black "PawnEatingZombie"]
[Result "1-0"]
[WhiteElo "2384"]
[BlackElo "2196"]
[TimeControl "180+1"]
[EndTime "9:43:06 PST"]
[Termination "Matols won by resignation"]

1. d4 Nf6 2. c4 g6 3. g3 Bg7 4.
Nc3 O-O 5. Bg2 d6 6. Nf3 Nc6 7. O-O e5 8. d5 Nb8 9. e4 Nbd7 10. Ne1 a5 11. Nd3 b6 12. f4 exf4 13. gxf4 Re8 14. Re1 Nh5 15. Qf3 Nc5 16. Bd2 Qh4 17. Nxc5 bxc5 18. Nb5 Re7 19. e5 Bg4 20. Qf2 Qxf2+ 21. Kxf2 Rb8 22. Bxa5 dxe5 23. fxe5 Rxe5 24. Bxc7 Rf5+ 25.
Kg1 Rxb5 26. cxb5 Bd4+ 27. Kh1 Ng3+ 28. Bxg3 1-0

[Event "Early-Titled-Tuesday-Blitz-February-06-2024"]
[Site "Chess.com"]
[Date "2024.02.06"]
[Round "9"]
[White "jcibarra"]
[Black "Sina_Movahed"]
[Result "0-1"]
[WhiteElo "2897"]
[BlackElo "3036"]
[TimeControl "180+1"]
[EndTime "9:43:08 PST"]
[Termination "Sina_Movahed won by resignation"]

1. e4 c5 2. Nf3 d6 3. d4 cxd4 4. Nxd4 Nf6 5. Nc3 a6 6. g3 g6 7. Bg2 Bg7 8. O-O O-O 9. h3 Nc6 10. Be3 Ne5 11. f4 Nc4 12. Bc1 Qb6 13. Na4 Qa7 14. Kh2 b5 15. Nc3 Bb7 16. Qd3 Rac8 17. Nce2 Qa8 18. b3 Nb6 19. Be3 Nxe4 20. Rad1 Nc5 21. Qd2 Bxg2 22. Rg1 Bb7 23. f5 Nd5 24. Bh6 Ne4 25. Qc1 e5 26. fxe6 fxe6 27. Rdf1 Rxf1 28. Rxf1 Rf8 29. Bxg7 Rxf1 30. Qxf1 Kxg7 31. Nxe6+ Kg8 32.
N2d4 Qe8 33. Qf4 Nxf4 0-1

[Event "Early-Titled-Tuesday-Blitz-February-06-2024"]
[Site "Chess.com"]
[Date "2024.02.06"]
[Round "9"]
[White "secrethawk1"]
[Black "CarlosjPineror"]
[Result "0-1"]
[WhiteElo "2502"]
[BlackElo "2702"]
[TimeControl "180+1"]
[EndTime "9:43:08 PST"]
[Termination "CarlosjPineror won by resignation"]

1. d4 Nf6 2. Bf4 c5 3. e3 Qb6 4. Nc3 e6 5. Nf3 a6 6. Rb1 d5 7.
Be2 cxd4 8. exd4 Nc6 9. O-O Be7 10. h3 O-O 11. a3 Bd7 12. b4 Rac8 13. Na4 Qd8 14.
Nc5 Bxc5 15. bxc5 Na5 16. Ne5 Re8 17. Qd2 Ne4 18. Qb4 Nc6 19. Qxb7 Nxd4 20. Bxa6 Nxc5 21. Qa7 Nxa6 22. Nxd7 Ne2+ 23. Kh1 Nxf4 24. Ne5 Qc7 25. Rb7 Qxe5 26. Qxa6 Qe4 27. f3 Qe2 28. Qxe2 Nxe2 29.
Rfb1 Rxc2 30. Re7 Rf8 31. Rbb7 Ra2 32. Ra7 d4 33. Red7 e5 34. a4 Nf4 35. a5 d3 36.
g3 d2 37. gxf4 Ra1+ 38. Kg2 d1=Q 39. Rxd1 Rxd1 40. fxe5 g6 41. f4 Rb8 42. a6 Rb3 43.
Kf2 Ra1 44. Ra8+ Kg7 45. a7 Ra2+ 0-1

[Event "Early-Titled-Tuesday-Blitz-February-06-2024"]
[Site "Chess.com"]
[Date "2024.02.06"]
[Round "9"]
[White "Cubitas"]
[Black "Orphanator2009"]
[Result "0-1"]
[WhiteElo "2680"]
[BlackElo "2464"]
[TimeControl "180+1"]
[EndTime "9:43:10 PST"]
[Termination "Orphanator2009 won by resignation"]

1. e4 c5 2. Nc3 Nc6 3. f4 g6 4.
Nf3 Bg7 5. Bb5 Nd4 6. O-O a6 7.
Bd3 e6 8. Nxd4 cxd4 9. Ne2 Ne7 10. c3 dxc3 11. dxc3 O-O 12. f5 exf5 13. exf5 Nxf5 14. Bxf5 gxf5 15. Ng3 d5 16. Qh5 d4 17. Bh6 dxc3 18.
Bxg7 Kxg7 19. bxc3 Qb6+ 20. Kh1 Qg6 21. Qh4 Be6 22.
Nh5+ Kh8 23. Rf3 Rg8 24. Rg3 Qh6 25. Qd4+ f6 26. Rh3 f4 27. Rh4 Qg5 28. Nxf4 Rad8 29. Qf2 Bd7 30. h3 Bc6 31. Kh2 Rde8 32. Rh5 Qxf4+ 0-1

[Event "Early-Titled-Tuesday-Blitz-February-06-2024"]
[Site "Chess.com"]
[Date "2024.02.06"]
[Round "9"]
[White "bylavochka"]
[Black "Shushik"]
[Result "0-1"]
[WhiteElo "2321"]
[BlackElo "2535"]
[TimeControl "180+1"]
[EndTime "9:43:11 PST"]
[Termination "Shushik won on time"]

1. e4 c5 2. Nf3 d6 3. d4 cxd4 4. Nxd4 Nf6 5. Nc3 a6 6. f3 e6 7. Be3 Nbd7 8. Qd2 b5 9. g4 h6 10. h4 b4 11. Na4 d5 12. Bh3 Ne5 13. b3 dxe4 14. g5 hxg5 15. hxg5 Nd5 16. O-O-O exf3 17. g6 Nxg6 18. Nxf3 Bd6 19. Kb1 Bd7 20. Nb6 Nxb6 21.
Qxd6 Nd5 22. Rxd5 exd5 23. Bg5 f6 24. Re1+ Ne7 25. Ne5 Rxh3 26. Ng6 Rh1 0-1

[Event "Early-Titled-Tuesday-Blitz-February-06-2024"]
[Site "Chess.com"]
[Date "2024.02.06"]
[Round "9"]
[White "NewYearGirl"]
[Black "Predo63"]
[Result "0-1"]
[WhiteElo "2352"]
[BlackElo "2521"]
[TimeControl "180+1"]
[EndTime "9:43:11 PST"]
[Termination "Predo63 won by checkmate"]

1. e4 c6 2. d4 d5 3. Nc3 dxe4 4. Nxe4 Bf5 5. Ng3 Bg6 6. h4 h6 7. N1e2 e6 8. Nf4 Bh7 9. Bc4 Nf6 10. Nfh5 Nbd7 11.
c3 Nxh5 12. Nxh5 Nf6 13. O-O Nxh5 14. Qxh5 Bg6 15. Qg4 h5 16. Qg3 Bd6 17. Bf4 Bxf4 18. Qxf4 Qf6 19. Qxf6 gxf6 20. Rfe1 Kd7 21. Rad1 Rhg8 22.
Bb3 Kd6 23. c4 a5 24. d5 cxd5 25. f4 a4 26. cxd5 axb3 27. dxe6+ Kc6 28. axb3 Rge8 29. e7 Bf5 30. Rc1+ Kb6 31. b4 Be6 32. Rc5 f5 33. Ree5 Rxe7 34. Rb5+ Kc7 35. Rec5+ Kb8 36. Kh2 Ra2 37. Rc2 Rd7 38. Rbc5 b6 39. Rc6 Kb7 40. b5 Ra5 41. Rc8 Rxb5 42. Rh8 Rb4 43. g3 Rbd4 44. Rxh5 Rd2+ 45. Rxd2 Rxd2+ 46. Kh3 Rxb2 47. Rh8 Rb1 48. Kh2 Bd5 49. g4 fxg4 50. h5 Rb3 51. h6 Rh3+ 52. Kg1 g3 53. h7 Rh1# 0-1

[Event "Early-Titled-Tuesday-Blitz-February-06-2024"]
[Site "Chess.com"]
[Date "2024.02.06"]
[Round "9"]
[White "Suleyman_Chess06"]
[Black "Hovik_Hayrapetyan"]
[Result "1-0"]
[WhiteElo "2707"]
[BlackElo "2890"]
[TimeControl "180+1"]
[EndTime "9:43:13 PST"]
[Termination "Suleyman_Chess06 won on time"]

1. Nf3 Nf6 2. g3 d5 3. Bg2 e6 4. O-O Be7 5. d4 O-O 6. c4 dxc4 7. Qc2 a6 8. a4 Bd7 9. Bg5 Bc6 10. Bxf6 Bxf6 11. Nc3 Nd7 12. e4 Nb8 13. Rfd1 h6 14. Qe2 a5 15. Qxc4 Na6 16. d5 exd5 17. Nxd5 Bxd5 18. Rxd5 Qe8 19. e5 Be7 20. Rad1 c6 21. Rd7 Nc5 22. R7d2 Qc8 23. Nd4 Rd8 24. e6 Nxe6 25. Bh3 Kh8 26. Nxe6 Rxd2 27. Rxd2 fxe6 28. Bxe6 Qf8 29. Rd7 Rd8 30. Qd3 Rxd7 31. Qxd7 Bc5 32. Bf7 b5 33. axb5 cxb5 34. Kg2 b4 35. f4 a4 36. Bd5 a3 37. bxa3 bxa3 38. Qe6 1-0

[Event "Early-Titled-Tuesday-Blitz-February-06-2024"]
[Site "Chess.com"]
[Date "2024.02.06"]
[Round "9"]
[White "M1711"]
[Black "pavet"]
[Result "0-1"]
[WhiteElo "2660"]
[BlackElo "2778"]
[TimeControl "180+1"]
[EndTime "9:43:15 PST"]
[Termination "pavet won by resignation"]

1. e4 e5 2. Nf3 Nc6 3. d4 exd4 4. Nxd4 Nf6 5. Nc3 Bb4 6. Nxc6 bxc6 7. Bd3 d6 8. O-O h6 9. h3 O-O 10. Qf3 Nd7 11. Qg3 Qf6 12. Bd2 Nc5 13. Rae1 Nxd3 14. Qxd3 a5 15. e5 dxe5 16. Ne4 Qg6 17. b3 Bf5 18. Bxb4 axb4 19. Qc4 Rxa2 20. Qxb4 Rxc2 21. Ng3 Bd3 22. Rxe5 Bxf1 23. Nxf1 Rc1 24. Qd2 Qb1 25.
Kh2 Rxf1 26. Qd4 Rh1+ 27. Kg3 Qg6+ 28. Kf3 Qd6 29. Qe3 Rd1 30. Ke2 Rd5 31. Re4 Rd8 32.
g3 Rd1 33. h4 Qd2+ 34. Kf3 Qxe3+ 35. fxe3 Rb8 36. Rc4 Rxb3 37. Rxc6 Rdd3 38. Rxc7 Rxe3+ 39. Kg4 Rxg3+ 40. Kf4 Rbf3+ 41. Ke4 Rf6 42. Rc8+ Kh7 43. h5 Rg4+ 44. Ke3 Rg5 45. Rc4 Rxh5 46. Rg4 Rg5 47.
Rh4 h5 0-1

[Event "Early-Titled-Tuesday-Blitz-February-06-2024"]
[Site "Chess.com"]
[Date "2024.02.06"]
[Round "9"]
[White "SaqoChess_Twitch"]
[Black "Atousa"]
[Result "1-0"]
[WhiteElo "2621"]
[BlackElo "2480"]
[TimeControl "180+1"]
[EndTime "9:43:17 PST"]
[Termination "SaqoChess_Twitch won by resignation"]

1. d4 Nf6 2. c4 e6 3. Nc3 Bb4 4. e3 O-O 5. a3 Bxc3+ 6. bxc3 d5 7. cxd5 exd5 8. Bd3 c5 9. Ne2 b6 10. O-O Ba6 11. f3 Bxd3 12. Qxd3 Nc6 13. Ra2 Re8 14. g4 h6 15. Ng3 Na5 16. h4 cxd4 17. cxd4 Rc8 18. g5 hxg5 19. hxg5 Nh7 20. f4 Qc7 21. Rh2 g6 22. Qd1 Qxc1 23. Qxc1 Rxc1 24.
Rxc1 Rxe3 25. Kf2 Rxa3 26. Rch1 Ra2+ 27. Kf3 Rxh2 28. Rxh2 Nf8 29. f5 gxf5 30. Nxf5 Ne6 31. Kg4 Nc6 32. Rf2 Ned8 33. Nh6+ Kg7 34. Nf5+ Kf8 35. Rh2 Ke8 36. Rh7 Ne6 37. Nd6+ Kd7 38. Nxf7 Nexd4 39. Ne5+ Ke6 40. Nxc6 Nxc6 41. Rh6+ Kd7 42.
Rxc6 1-0

[Event "Early-Titled-Tuesday-Blitz-February-06-2024"]
[Site "Chess.com"]
[Date "2024.02.06"]
[Round "9"]
[White "SahibSinghKnight"]
[Black "cukricek"]
[Result "0-1"]
[WhiteElo "2635"]
[BlackElo "2381"]
[TimeControl "180+1"]
[EndTime "9:43:19 PST"]
[Termination "cukricek won on time"]

1. e4 c5 2. Nf3 g6 3. d4 cxd4 4. Nxd4 Nc6 5. Be3 Nf6 6. Nc3 Bg7 7. f3 O-O 8. Bc4 Qb6 9. Ncb5 a6 10. Nf5 Qa5+ 11. Bd2 Qd8 12. Nh6+ Bxh6 13. Bxh6 axb5 14. Bxf8 Kxf8 15. Be2 Qb6 16. Qd2 Kg7 17. h4 h5 18.
Qd3 Nb4 19. Qc3 Qd4 20. Qxd4 Nxc2+ 21. Kd2 Nxd4 22. Bd3 d6 23. Ke3 e5 24. Rhc1 Bd7 25. b3 Bc6 26. Rc3 d5 27. a3 b4 0-1

[Event "Early-Titled-Tuesday-Blitz-February-06-2024"]
[Site "Chess.com"]
[Date "2024.02.06"]
[Round "9"]
[White "Gryffindorac8"]
[Black "bilosuvenosu06"]
[Result "0-1"]
[WhiteElo "2358"]
[BlackElo "2573"]
[TimeControl "180+1"]
[EndTime "9:43:20 PST"]
[Termination "bilosuvenosu06 won by checkmate"]

1. d4 Nf6 2. c4 e6 3. Nf3 d5 4. g3 Be7 5. Bg2 O-O 6. O-O Nbd7 7. Qc2 c6 8. Nbd2 b6 9. e4 Bb7 10. e5 Ne8 11. cxd5 cxd5 12. Re1 Rc8 13. Qa4 a6 14. Bf1 b5 15. Qd1 Nb6 16. Bd3 Nc4 17. Nf1 Na5 18.
N1d2 Qb6 19. h4 b4 20. Nf1 b3 21. a3 Nc4 22. h5 a5 23. N1h2 a4 24. h6 g6 25. Ng4 Ba6 26. Rb1 Rc6 27. Bg5 Qd8 28.
Bxe7 Qxe7 29. Qe2 Bb5 30. Kg2 f5 31. exf6 Nxf6 32. Nge5 Nxe5 33. Nxe5 Bxd3 34. Nxc6 Qd6 35. Qxd3 Qxc6 36. Rbc1 Qd6 37. Re2 Ne4 38. Rce1 Rc8 39. Qb5 Rf8 40. Qxa4 Rxf2+ 41. Rxf2 Qxg3+ 42. Kf1 Qxf2# 0-1

[Event "Early-Titled-Tuesday-Blitz-February-06-2024"]
[Site "Chess.com"]
[Date "2024.02.06"]
[Round "9"]
[White "picturesquecheck"]
[Black "LuisFSiles"]
[Result "1-0"]
[WhiteElo "2391"]
[BlackElo "2254"]
[TimeControl "180+1"]
[EndTime "9:43:20 PST"]
[Termination "picturesquecheck won by resignation"]

1. e4 c5 2. Nf3 Nc6 3. Bb5 g6 4. O-O Bg7 5. Bxc6 dxc6 6. d3 Nf6 7. Nc3 Nd7 8. Be3 e5 9. Qd2 h6 10. Rad1 b6 11. Ne2 Nf8 12. c3 Ne6 13. d4 exd4 14.
cxd4 cxd4 15. Nexd4 Nxd4 16. Nxd4 Bd7 17. Qc2 Qf6 18. e5 Qxe5 19. Nxc6 Qe6 20. Nd4 Qe7 21. Rfe1 Rc8 22. Qd2 O-O 23. Bxh6 Qf6 24. Bg5 Qxd4 25. Qxd4 Bxd4 26. Rxd4 Bf5 27. h3 Kg7 28. Bf4 Rfe8 29. Rxe8 Rxe8 30. Be3 Rc8 31. Rd2 Rc2 32. Rd6 f6 33.
Bd4 Rd2 34. Bxf6+ 1-0

[Event "Early-Titled-Tuesday-Blitz-February-06-2024"]
[Site "Chess.com"]
[Date "2024.02.06"]
[Round "9"]
[White "arnash_bauyrzhan"]
[Black "deepfear"]
[Result "1-0"]
[WhiteElo "2261"]
[BlackElo "1977"]
[TimeControl "180+1"]
[EndTime "9:43:20 PST"]
[Termination "arnash_bauyrzhan won by resignation"]

1. e4 g6 2. d4 Bg7 3. Nf3 d6 4. Bd3 Nc6 5. c3 Nf6 6. O-O O-O 7. h3 e5 8. Be3 h6 9. Nbd2 Nh5 10.
Re1 Nf4 11. Bf1 f5 12. Bxf4 exf4 13. exf5 Rxf5 14. Qb3+ Kh7 15. Bd3 Rf8 16. Ne4 Bf5 17. Qxb7 Na5 18. Qb5 c6 19. Qb4 Rb8 20. Qa3 d5 21. Nc5 Bxd3 22. Nxd3 Nc4 23. Qxa7 Rxb2 24. Nxb2 Nxb2 25. Re7 Rg8 26. Rb1 Nc4 27. Rbb7 Qf8 28. Rf7 Nd6 29. Rxf8 Nxb7 30. Rxg8 Kxg8 31. Qxb7 1-0

[Event "Early-Titled-Tuesday-Blitz-February-06-2024"]
[Site "Chess.com"]
[Date "2024.02.06"]
[Round "9"]
[White "Flameboard08"]
[Black "cthulhuuu"]
[Result "1-0"]
[WhiteElo "2572"]
[BlackElo "2400"]
[TimeControl "180+1"]
[EndTime "9:43:21 PST"]
[Termination "Flameboard08 won by resignation"]

1. f4 d5 2. Nf3 Nf6 3. d3 c5 4. g3 Nc6 5. Bg2 b5 6. O-O Bb7 7. Nbd2 e6 8. e4 dxe4 9. dxe4 Nd4 10.
Re1 c4 11. c3 Nxf3+ 12. Qxf3 Bc5+ 13. Kh1 O-O 14. a4 a6 15. b3 cxb3 16. Nxb3 Nxe4 17. Be3 Qd3 18. Bxc5 Qxf3 19. Bxf3 Nxc5 20. Nxc5 Bxf3+ 21. Kg1 Rfc8 22. Nb3 Rxc3 23. Nd4 b4 24. a5 Bd5 25. Rab1 Rb8 26. Rb2 b3 27. Reb1 Rb4 28. Ne2 Rc2 29. Rxc2 Rb8 30. Rcb2 h5 31. Kf2 Rb5 32. Nc3 Rxa5 33.
Nxd5 Rxd5 34. Ke3 h4 35. Rxb3 hxg3 36. hxg3 a5 37. Rb5 1-0

[Event "Early-Titled-Tuesday-Blitz-February-06-2024"]
[Site "Chess.com"]
[Date "2024.02.06"]
[Round "9"]
[White "vovachesss"]
[Black "BillieKimbah"]
[Result "0-1"]
[WhiteElo "2829"]
[BlackElo "2954"]
[TimeControl "180+1"]
[EndTime "9:43:22 PST"]
[Termination "BillieKimbah won by resignation"]

1. e4 e5 2. Nf3 Nc6 3. Bc4 Nf6 4. d3 Be7 5. O-O O-O 6. a3 d6 7.
h3 h6 8. Nc3 Re8 9. d4 exd4 10.
Nxd4 Ne5 11. Ba2 Bf8 12. Bf4 c6 13. Qd2 Ng6 14. Bh2 Nxe4 15. Nxe4 Rxe4 16. Rfe1 Rxe1+ 17. Rxe1 d5 18. Qd3 Bd7 19. c4 dxc4 20. Qxc4 Qf6 21. Re3 Re8 22. Rxe8 Bxe8 23. Bg3 c5 24. Nb5 Qxb2 25. Nc7 b5 26. Qd5 c4 27. Nxe8 Qxa2 28.
Bd6 Qb1+ 29. Kh2 Qd3 30. Qc6 c3 31. Bxf8 Nxf8 32. Nd6 c2 33. Qc7 Qxd6+ 34. Qxd6 0-1

[Event "Early-Titled-Tuesday-Blitz-February-06-2024"]
[Site "Chess.com"]
[Date "2024.02.06"]
[Round "9"]
[White "SabinaFoisor"]
[Black "cthake"]
[Result "1-0"]
[WhiteElo "2338"]
[BlackElo "1810"]
[TimeControl "180+1"]
[EndTime "9:43:23 PST"]
[Termination "SabinaFoisor won by resignation"]

1. d4 Nf6 2. c4 g6 3. Nc3 d5 4. Bg5 Bg7 5. Bxf6 Bxf6 6. cxd5 O-O 7. Nf3 c6 8. dxc6 Nxc6 9. e3 Bg4 10. Be2 Qb6 11.
Qb3 Qd8 12. O-O Rb8 13. h3 Na5 14. Qd1 Bd7 15. b4 Nc6 16. a3 a6 17. Rc1 e6 18. Ne4 Bg7 19. Nc5 Qe7 20. Qb3 Rfc8 21. Rfd1 Qd6 22. Na4 Ne7 23. Nc5 Nd5 24. e4 Nf4 25.
Bf1 b5 26. d5 e5 27. Kh2 h5 28.
g3 Nxh3 29. Bxh3 Bxh3 30. Kxh3 Qf6 31. Nd7 1-0

[Event "Early-Titled-Tuesday-Blitz-February-06-2024"]
[Site "Chess.com"]
[Date "2024.02.06"]
[Round "9"]
[White "korkmaz16"]
[Black "CFalcons8"]
[Result "1-0"]
[WhiteElo "2517"]
[BlackElo "2331"]
[TimeControl "180+1"]
[EndTime "9:43:24 PST"]
[Termination "korkmaz16 won by checkmate"]

1. e4 c5 2. Nc3 Nc6 3. f4 g6 4.
Nf3 Bg7 5. Bc4 e6 6. O-O Nge7 7. Qe1 O-O 8. d3 d5 9. Bb3 b6 10. f5 gxf5 11. exd5 exd5 12. Bg5 Be6 13. Qh4 f6 14. Bh6 Ng6 15. Qh5 Qd7 16. Rae1 Bf7 17. Bxg7 Kxg7 18. Nh4 Nce7 19. Rf3 Nxh4 20. Qxh4 Ng6 21. Qh5 Rae8 22. Ref1 f4 23. Nxd5 Re5 24. Qxh7+ Kxh7 25. Nxf6+ Kg7 26.
Nxd7 Bxb3 27. Nxf8 Bxc2 28. Nxg6 Kxg6 29. Rxf4 Bxd3 30.
R1f3 Re1+ 31. Kf2 Re2+ 32. Kg3 Bb1 33. Rg4+ Kh5 34. h3 Rxb2 35. Rf8 Kh6 36. Rh8+ Bh7 37. Rh4+ Kg6 38. R4xh7 Rxa2 39. Rh4 Ra3+ 40. Kh2 Rb3 41. Rf4 a5 42. Rg8+ Kh7 43. Rg3 Rb2 44. Rh4# 1-0

[Event "Early-Titled-Tuesday-Blitz-February-06-2024"]
[Site "Chess.com"]
[Date "2024.02.06"]
[Round "9"]
[White "Cambek64"]
[Black "BeautiFullMindChess"]
[Result "0-1"]
[WhiteElo "2499"]
[BlackElo "2309"]
[TimeControl "180+1"]
[EndTime "9:43:24 PST"]
[Termination "BeautiFullMindChess won by checkmate"]

1. e4 d5 2. Nc3 dxe4 3. Nxe4 Nf6 4. Ng3 h5 5. h3 h4 6. N3e2 e5 7. d3 Bc5 8. Nc3 Nc6 9. Nf3 Bf5 10. Bg5 Qd7 11. Be2 O-O-O 12. O-O Nd4 13. Nxe5 Qe6 14. Ng4 Kb8 15. Re1 Rde8 16. Ne3 Bxh3 17. gxh3 Qxh3 18.
Ne4 Nxe4 19. dxe4 Bd6 20. Bg4 Qh2+ 21. Kf1 Qh1# 0-1

[Event "Early-Titled-Tuesday-Blitz-February-06-2024"]
[Site "Chess.com"]
[Date "2024.02.06"]
[Round "9"]
[White "Harsha_Bharathakoti"]
[Black "Som2310"]
[Result "1-0"]
[WhiteElo "2939"]
[BlackElo "2804"]
[TimeControl "180+1"]
[EndTime "9:43:25 PST"]
[Termination "Harsha_Bharathakoti won by resignation"]

1. Nf3 c5 2. c4 Nf6 3. Nc3 d5 4. cxd5 Nxd5 5. e3 e6 6. Nxd5 Qxd5 7. b3 Nc6 8. Bb2 e5 9. Bc4 Qd6 10. O-O Be7 11. Bb5 O-O 12. Bxc6 Qxc6 13. Nxe5 Qd5 14.
d4 Be6 15. dxc5 Rfd8 16. Qxd5 Rxd5 17. c6 bxc6 18. Nxc6 Bf8 19. Nd4 Bd7 20. Rfd1 Rc8 21. Rac1 Rcc5 22. Rxc5 Bxc5 23. Rc1 a6 24. Nf3 Bf8 25. Bd4 a5 26. Ne5 Be6 27. Nc4 Rb5 28. Nb2 Ba3 29. Rc2 f6 30. Na4 Be7 31. h3 Kf7 32. Bc5 Bd8 33. Rd2 Ke8 34. Bd4 Be7 35.
Rc2 h5 36. Kf1 h4 37. Bc5 Bd8 38. Bd4 Be7 39. Nc5 Bd5 40. f3 Rb8 41. Na6 Rb5 42.
Nc7+ Kf7 43. Nxb5 1-0

[Event "Early-Titled-Tuesday-Blitz-February-06-2024"]
[Site "Chess.com"]
[Date "2024.02.06"]
[Round "9"]
[White "FredddieCroderg"]
[Black "Herzog2012"]
[Result "1-0"]
[WhiteElo "2383"]
[BlackElo "2514"]
[TimeControl "180+1"]
[EndTime "9:43:25 PST"]
[Termination "FredddieCroderg won by resignation"]

1. e4 c5 2. c3 Nf6 3. e5 Nd5 4. d4 cxd4 5. Nf3 Nc6 6. cxd4 d6 7. Nc3 dxe5 8. dxe5 Nxc3 9. Qxd8+ Kxd8 10. bxc3 Bg4 11. Bf4 Bxf3 12. gxf3 e6 13. Rg1 g6 14.
Bg5+ Be7 15. Bxe7+ Ke8 16. f4 Nxe7 17. Bg2 Rb8 18.
Rb1 b6 19. a4 Kd7 20. Ke2 Kc7 21. Rgd1 Rhd8 22. a5 bxa5 23. Rxb8 Rxb8 24. Ra1 Rb5 25. Kd3 Kb6 26. Ra2 Rb1 27. c4 Nf5 28. Kc2 Rb4 29. Kc3 Ng7 30. c5+ Kxc5 31. Rxa5+ Rb5 32. Rxa7 Nh5 33. Rxf7 Rb1 34. Rc7+ 1-0

[Event "Early-Titled-Tuesday-Blitz-February-06-2024"]
[Site "Chess.com"]
[Date "2024.02.06"]
[Round "9"]
[White "JaackCamel"]
[Black "Laico"]
[Result "0-1"]
[WhiteElo "2171"]
[BlackElo "2373"]
[TimeControl "180+1"]
[EndTime "9:43:27 PST"]
[Termination "Laico won by resignation"]

1. d4 e6 2. c4 f5 3. g3 Nf6 4. Bg2 Be7 5. Nf3 O-O 6. O-O d6 7. Nc3 Nc6 8. d5 Ne5 9. dxe6 Bxe6 10. b3 c6 11. Bb2 Qe8 12. Qc2 Qh5 13. Nd4 Bd7 14.
e3 c5 15. Nde2 Nf3+ 16. Bxf3 Qxf3 17. Rad1 Bc6 18. Nd5 Nxd5 19. cxd5 Bxd5 20. Rxd5 Qxd5 21. Nf4 Qf7 22. Rd1 Bf6 23. Nd5 Bxb2 24. Qxb2 Rae8 25. Nf4 Qf6 26. Qd2 b6 27. Qd5+ Kh8 28. Qc6 d5 29.
Qxf6 Rxf6 30. Rxd5 g5 31. Nh5 Rf7 32. Rd6 Rc8 33.
Kg2 b5 34. Rd5 c4 35. bxc4 bxc4 36. Rd1 c3 37. Rc1 c2 38. h4 Rb7 39. Nf4 gxf4 0-1

[Event "Early-Titled-Tuesday-Blitz-February-06-2024"]
[Site "Chess.com"]
[Date "2024.02.06"]
[Round "9"]
[White "yaguigor"]
[Black "wyharga"]
[Result "0-1"]
[WhiteElo "2740"]
[BlackElo "2589"]
[TimeControl "180+1"]
[EndTime "9:43:28 PST"]
[Termination "wyharga won by resignation"]

1. Nf3 d5 2. d4 Nf6 3. c4 e6 4. Nc3 Be7 5. Bf4 O-O 6. e3 c5 7. dxc5 Bxc5 8. Qc2 Nc6 9. a3 Re8 10. Rd1 e5 11. Bg5 d4 12. Nd5 Be6 13. Bxf6 gxf6 14.
Bd3 h6 15. b4 Bf8 16. exd4 Bxd5 17. cxd5 e4 18. Bxe4 Qxd5 19. O-O Rxe4 20. Nd2 Rxd4 21.
Nf3 Rxd1 22. Rxd1 Qe6 23. Re1 Qd7 24. Rd1 Qe7 25. Re1 Qd6 26. Rd1 Qf4 27. b5 Ne5 28.
Nd4 Rd8 29. g3 Qg4 30. f3 Qc8 31. Qxc8 Rxc8 32. Nf5 Nxf3+ 33. Kg2 Ne5 34. a4 h5 35.
h4 Rc2+ 36. Kf1 Rc8 37. Ke2 Kh7 38. Ne3 Kg6 39. Nd5 Rc4 40. a5 Bc5 41. Rf1 Re4+ 0-1

[Event "Early-Titled-Tuesday-Blitz-February-06-2024"]
[Site "Chess.com"]
[Date "2024.02.06"]
[Round "9"]
[White "secretsuperstar7"]
[Black "GMCorinnaKopff"]
[Result "1-0"]
[WhiteElo "2526"]
[BlackElo "2366"]
[TimeControl "180+1"]
[EndTime "9:43:29 PST"]
[Termination "secretsuperstar7 won by resignation"]

1. c4 Nf6 2. Nc3 g6 3. g3 Bg7 4.
Bg2 O-O 5. e4 d6 6. Nge2 c5 7. d3 Nc6 8. O-O Ne8 9. Be3 e5 10. a3 Nc7 11. Rb1 a5 12. Nd5 a4 13.
Nb6 Ra6 14. Nxa4 Ne6 15. b4 Ra8 16. bxc5 Ned4 17. Bxd4 Nxd4 18. Nxd4 exd4 19. cxd6 Qxd6 20. c5 Qc6 21. Rb4 Ra5 22. e5 Qa6 23. Nb6 Rxa3 24. Nxc8 Rxc8 25. Bxb7 Qa5 26. Bxc8 Qxb4 27. c6 Bxe5 28.
Re1 Qc5 29. Bd7 Kg7 30. Qe2 Bd6 31. Qf3 Rc3 32. Be8 f5 33. Qe2 Qd5 34. Bd7 Qe6 35.
Qxe6 1-0

[Event "Early-Titled-Tuesday-Blitz-February-06-2024"]
[Site "Chess.com"]
[Date "2024.02.06"]
[Round "9"]
[White "tolia123"]
[Black "dianamirza"]
[Result "1-0"]
[WhiteElo "2162"]
[BlackElo "1953"]
[TimeControl "180+1"]
[EndTime "9:43:29 PST"]
[Termination "tolia123 won by resignation"]

1. d4 Nf6 2. Nc3 g6 3. e4 d6 4. f3 Bg7 5. Be3 O-O 6. Qd2 c5 7. O-O-O cxd4 8. Bxd4 Nc6 9. Be3 Qa5 10. Bh6 Be6 11.
Kb1 b5 12. Bxg7 Kxg7 13. h4 b4 14. Nd5 Rfc8 15. h5 gxh5 16. Qg5+ Kf8 17. Qh6+ Ke8 18. Nxf6+ exf6 19. b3 Qe5 20. Rxh5 Qc3 21. Ne2 Qe5 22.
Rxe5 Nxe5 23. Qxf6 Rc6 24. Nd4 Rc3 25. Nxe6 fxe6 1-0

[Event "Early-Titled-Tuesday-Blitz-February-06-2024"]
[Site "Chess.com"]
[Date "2024.02.06"]
[Round "9"]
[White "guillembaches"]
[Black "maciek_92"]
[Result "0-1"]
[WhiteElo "2565"]
[BlackElo "2784"]
[TimeControl "180+1"]
[EndTime "9:43:32 PST"]
[Termination "maciek_92 won on time"]

1. d4 d5 2. Nf3 Nf6 3. Bg5 c5 4.
e3 Nc6 5. Nbd2 cxd4 6. exd4 Bf5 7.
c3 e6 8. Be2 Bd6 9. O-O h6 10.
Bh4 O-O 11. Re1 a6 12. Nf1 g5 13. Bg3 Be7 14. Bd3 Ne4 15. Ne3 Bh7 16. Ne5 f5 17.
Bxe4 dxe4 18. Nxc6 bxc6 19. Be5 Bg6 20. Qa4 Qb6 21. b4 f4 22. Nc4 Qb5 23. Qb3 Rae8 24. Nd6 Bxd6 25. Bxd6 Rf7 26. c4 Qf5 27. Rad1 f3 28.
d5 e5 29. dxc6 Qg4 0-1

[Event "Early-Titled-Tuesday-Blitz-February-06-2024"]
[Site "Chess.com"]
[Date "2024.02.06"]
[Round "9"]
[White "Ramla2020"]
[Black "Hilary46"]
[Result "1-0"]
[WhiteElo "2436"]
[BlackElo "2690"]
[TimeControl "180+1"]
[EndTime "9:43:32 PST"]
[Termination "Ramla2020 won by checkmate"]

1. c4 Nf6 2. g3 e6 3. Bg2 d5 4. cxd5 exd5 5. d4 c6 6. Nf3 Bd6 7. O-O O-O 8. Nc3 Re8 9. Bg5 Nbd7 10. Re1 h6 11. Bf4 Bxf4 12. gxf4 Nf8 13. Ne5 Ng4 14. e3 Qh4 15. Nxg4 Bxg4 16. f3 Bh3 17. Qd2 Re7 18.
Bxh3 Qxh3 19. Qg2 Qxg2+ 20. Kxg2 Rae8 21. Kf2 Ne6 22. b4 Nc7 23. a4 Rc8 24. b5 Ne8 25. bxc6 bxc6 26. a5 Nd6 27. Na4 Rce8 28. Nc5 Nc4 29.
e4 dxe4 30. fxe4 Nd2 31. e5 Rb8 32. Re2 Nc4 33. Rc2 Rb2 34. Rxb2 Nxb2 35. Rb1 Nc4 36. a6 Nb6 37. Ke3 f6 38. Ke4 g6 39. e6 Kg7 40.
f5 gxf5+ 41. Kxf5 Nd5 42. Rb7 Kf8 43. Nd7+ Kg7 44. Nxf6 Kf8 45. Rb8+ Kg7 46. Rg8# 1-0

[Event "Early-Titled-Tuesday-Blitz-February-06-2024"]
[Site "Chess.com"]
[Date "2024.02.06"]
[Round "9"]
[White "SoyuzTM4"]
[Black "topce"]
[Result "0-1"]
[WhiteElo "2231"]
[BlackElo "2391"]
[TimeControl "180+1"]
[EndTime "9:43:33 PST"]
[Termination "topce won by resignation"]

1. e4 e6 2. d4 d5 3. e5 c5 4. c3 Nc6 5. Nf3 Nge7 6. Bd3 Nf5 7. Bxf5 exf5 8. O-O cxd4 9. cxd4 Be6 10. Nc3 h6 11. a3 g5 12. b4 f4 13. Ne1 Rc8 14.
Bb2 Bg7 15. Na4 b6 16. Rc1 O-O 17. Qd3 Qd7 18. Nc3 Ne7 19. Nb5 Nf5 20. Nf3 g4 21.
Nd2 Nh4 22. Nd6 Rxc1 23. Rxc1 Nf5 24. Qb5 Nxd6 25. Qxd7 Bxd7 26. exd6 Rc8 27. Rxc8+ Bxc8 28. f3 h5 29. b5 Bf8 30. Nb3 Bxd6 31. a4 Bf5 32. a5 Bd3 33. axb6 axb6 0-1